 Dungeon Crawl Stone Soup version 0.23.0 (webtiles) character file.

Game seed: 11959953317263403315

1339 Hylith the Cleaver (level 8, 0/71 HPs)
             Began as a Minotaur Berserker on Feb 12, 2019.
             Was an Elder of Trog.
             Succumbed to an orc wizard's poison
             ... on level 6 of the Dungeon.
             The game lasted 00:09:41 (4258 turns).

Hylith the Cleaver (Minotaur Berserker)             Turns: 4258, Time: 00:09:42

Health: 0/71       AC: 13    Str: 24    XL:     8   Next: 35%
Magic:  7/7        EV:  5    Int:  4    God:    Trog [****..]
Gold:   238        SH:  8    Dex: 10    Spells: 7/7 levels left

rFire    + . .     SeeInvis .   x - +0 war axe
rCold    . . .     Gourm    .   s - +0 shield {rF+}
rNeg     . . .     Faith    .   g - +0 plate armour
rPois    .         Spirit   .   (helmet restricted)
rElec    .         Reflect  .   (no cloak)
rCorr    .         Harm     .   (no gloves)
MR       ++...                  (no boots)
Stlth    ..........             (no amulet)
HPRegen  1.21/turn              (no ring)
MPRegen  0.10/turn              (no ring)

@: lethally poisoned (0 -> -28), regenerating
A: retaliatory headbutt, horns 2
a: Berserk, Trog's Hand, Brothers in Arms, Renounce Religion


You were on level 6 of the Dungeon.
You worshipped Trog.
Trog was greatly pleased with you.
You were very hungry.

You visited 1 branch of the dungeon, and saw 6 of its levels.

You collected 238 gold pieces.

Inventory:

Hand Weapons
 p - a +0 morningstar
 x - a +0 war axe (weapon)
Missiles
 q - 9 needles of paralysis
Armour
 d - a +3 ring mail
 g - a +0 plate armour (worn)
 s - a +0 shield of fire resistance (worn)
Scrolls
 b - a scroll of magic mapping {unknown}
 e - 3 scrolls of identify {unknown}
 j - a scroll of random uselessness {unknown}
 k - a scroll of blinking {unknown}
 l - 2 scrolls of amnesia {unknown}
 n - a scroll of enchant weapon {unknown}
 r - a scroll of immolation {unknown}
 t - a scroll of enchant armour {unknown}
 u - a scroll of torment {unknown}
 v - a scroll of fog {unknown}
Potions
 f - a potion of flight {unknown}
 h - a potion of haste {unknown}
 i - a potion of resistance {unknown}
 m - a potion of heal wounds {unknown}
 o - a potion of curing {unknown}
 w - a potion of agility {unknown}
Comestibles
 c - 9 rations


   Skills:
 * Level 6.3 Fighting
 * Level 9.3 Axes
 * Level 6.8 Armour
 - Level 3.0 Dodging
 + Level 1.0 Shields


You had 7 spell levels left.
You didn't know any spells.
Your spell library was empty.

Dungeon Overview and Level Annotations

Branches:
Dungeon (6/15)             Temple (0/1) D:5

Altars:
Elyvilon
Gozag
Kikubaaqudgha
Xom


Innate Abilities, Weirdness & Mutations

You reflexively headbutt those who attack you in melee.
You have a pair of horns on your head.


Message History

* * * LOW HITPOINT WARNING * * *
You feel very sick. Something hits you but does no damage.
You are more poisoned.
You miss something.
* * * LOW HITPOINT WARNING * * *
You feel very sick. Something hits you but does no damage.
You are more poisoned.
You miss something.
* * * LOW HITPOINT WARNING * * *
You feel very sick. Something hits you but does no damage.
You are more poisoned.
Something hits you but does no damage.
You are more poisoned.
Your skin crawls.
You feel resistant to hostile enchantments.
You are feeling very hungry.
You die...

##########. ...........
#<.....# ...........
#......# ...........
#......# ##.........
#......# ##......##.
#......#
##......########......#
#######
........#.............###
#......
........#......)@........
#..#...
........#........{.......
#_.....
##......#................
#..#...
.#......#.......)........
#......
.#......#.....########...
#######
.####+###.....#......# ..
..............#......#
..............'......#
...
..............#......#
.....


There were no monsters in sight!

Vanquished Creatures
  Grinder (D:6)
  An ice beast (D:5)
  A centaur (D:5)
  A scorpion (D:4)
  A howler monkey (D:6)
  2 crimson imps
  4 hounds
  A jelly (D:5)
  5 orc wizards
  An orc priest (D:4)
  3 bullfrog skeletons
  Jessica (D:3)
  Terence (D:3)
  2 worker ants (D:5)
  Robin (D:3)
  A howler monkey skeleton (D:4)
  7 gnolls
  8 adders
  2 shadow imps
  An ooze (D:5)
  An adder skeleton (D:5)
  4 leopard geckos
  22 orcs
  A ball python (D:4)
  10 bats
  3 giant cockroaches
  7 goblins
  11 hobgoblins
  6 jackals
  5 kobolds
  A quokka (D:6)
  A ball python skeleton (D:4)
  5 frilled lizards
  2 rats
124 creatures vanquished.

Vanquished Creatures (others)
  A howler monkey (D:5)
1 creature vanquished.

Grand Total: 125 creatures vanquished

Notes
Turn   | Place    | Note
-------+----------+-------------------------------------------
     0 | D:1      | Hylith the Minotaur Berserker began the quest for the Orb.
     0 | D:1      | Reached XP level 1. HP: 19/19 MP: 0/0
   106 | D:1      | Reached skill level 4 in Axes
   106 | D:1      | Reached XP level 2. HP: 23/27 MP: 1/1
   629 | D:2      | Reached ** piety under Trog
   629 | D:2      | Reached XP level 3. HP: 33/33 MP: 2/2
  1044 | D:2      | Found a white marble altar of Elyvilon.
  1075 | D:2      | Reached XP level 4. HP: 35/41 MP: 3/3
  1146 | D:2      | Reached skill level 5 in Axes
  1386 | D:3      | Noticed Jessica
  1389 | D:3      | Reached XP level 5. HP: 23/47 MP: 4/4
  1394 | D:3      | Killed Jessica
  1462 | D:3      | Noticed Robin
  1472 | D:3      | Killed Robin
  1472 | D:3      | Reached *** piety under Trog
  1729 | D:3      | Noticed Terence
  1740 | D:3      | Killed Terence
  1815 | D:3      | Reached skill level 6 in Axes
  2203 | D:4      | Reached XP level 6. HP: 55/55 MP: 5/5
  2569 | D:4      | Received a gift from Trog
  2569 | D:4      | Reached skill level 5 in Fighting
  2640 | D:4      | Reached skill level 5 in Armour
  2850 | D:5      | Entered Level 5 of the Dungeon
  2891 | D:5      | Noticed an ice beast
  2893 | D:5      | Reached skill level 7 in Axes
  2893 | D:5      | Reached XP level 7. HP: 56/61 MP: 6/6
  2900 | D:5      | Received a gift from Trog
  3110 | D:5      | Found an opulent altar of Gozag.
  3251 | D:5      | Found a staircase to the Ecumenical Temple.
  3693 | D:6      | Found a shimmering altar of Xom.
  3698 | D:6      | Reached skill level 8 in Axes
  3892 | D:6      | Noticed Grinder
  3896 | D:6      | Paralysed by Grinder for 7 turns
  3909 | D:6      | Killed Grinder
  3909 | D:6      | Reached XP level 8. HP: 70/70 MP: 7/7
  3948 | D:6      | Reached **** piety under Trog
  3951 | D:6      | Reached skill level 9 in Axes
  4079 | D:6      | Found an ancient bone altar of Kikubaaqudgha.
  4206 | D:6      | Reached skill level 1 in Shields
  4258 | D:6      | Succumbed to an orc wizard's poison

Skill      XL: |  1  2  3  4  5  6  7  8 |
---------------+-------------------------+-----
Axes           | 4 5 6 7 8 9 |  9.3
Fighting       | 4 5 6 |  6.3
Armour         | 3 4 5 6 |  6.8
Dodging        | 3 |  3.0
Shields        | 1 |  1.0

Action                   |  1- 3 |  4- 6 |  7- 9 || total
-------------------------+-------+-------+-------++-------
Melee: Hand axe          |    91 |   140 |    74 ||   305
       Headbutt          |    13 |    22 |    13 ||    48
       War axe           |       |       |    38 ||    38
Invok: Berserk           |       |     4 |     1 ||     5
       Trog's Hand       |       |       |     2 ||     2
  Eat: Chunk             |       |     5 |     6 ||    11
       Ration            |       |     1 |       ||     1
Armor: Animal skin       |     2 |       |       ||     2
       Ring mail         |    38 |    10 |       ||    48
       Plate armour      |    22 |    52 |    84 ||   158
Dodge: Dodged            |    68 |    65 |    37 ||   170
Block: Shield            |       |       |    27 ||    27
